 Dungeon Crawl Stone Soup version 0.27.1-3-gb3d3a73c9e (webtiles) character file.

Game seed: 9664115827934442721

167 safebet222 the Ruffian (level 5, -3/53 HPs)
             Began as a Troll Berserker on Oct 30, 2021.
             Was a Believer of Trog.
             Slain by an orc (7 damage)
             ... on level 3 of the Dungeon.
             The game lasted 00:16:13 (2275 turns).

safebet222 the Ruffian (Troll Berserker)            Turns: 2275, Time: 00:16:14

Health: -3/53      AC:  4    Str: 26    XL:     5   Next: 23%
Magic:  4/4        EV: 10    Int:  3    God:    Trog [**....]
Gold:   216        SH:  0    Dex:  9    Spells: 4/4 levels left

rFire    . . .     SeeInvis .   r - +3 short sword
rCold    . . .     Faith    .   (no shield)
rNeg     . . .     Spirit   .   a - +0 animal skin
rPois    .         Reflect  .   (helmet restricted)
rElec    .         Harm     .   (no cloak)
rCorr    .         Rampage  .   (gloves unavailable)
Will     .....                  (boots unavailable)
Stlth    +.........             (no amulet)
HPRegen  1.17/turn              (no ring)
MPRegen  0.09/turn              (no ring)

@: lethally poisoned (-3 -> -16)
A: large, unfitting armour, claws 3, regeneration 1, shaggy fur 1, tough skin 1
a: Renounce Religion, Berserk, Trog's Hand


You were on level 3 of the Dungeon.
You worshipped Trog.
Trog was pleased with you.
You visited 1 branch of the dungeon, and saw 3 of its levels.

You collected 216 gold pieces.

Inventory:

Hand Weapons
 k - a +0 hand crossbow
 r - a +3 short sword (weapon)
Missiles
 b - 105 stones (quivered)
 q - 9 boomerangs
Armour
 a - a +0 animal skin (worn)
 c - a +0 robe
Magical Staves
 m - a staff of poison
Scrolls
 d - a scroll of noise {unknown}
 e - 4 scrolls of identify {unknown}
 h - 2 scrolls of vulnerability {unknown}
 i - a scroll of holy word {unknown}
 l - a scroll of fear {unknown}
 n - a scroll of teleportation {unknown}
 s - a scroll of silence {unknown}
Potions
 f - a potion of curing {unknown}
 g - 2 potions of magic {unknown}
 j - a potion of mutation {unknown}
 o - a potion of lignification {unknown}
 p - a potion of cancellation {unknown}
 t - a potion of ambrosia {unknown}


   Skills:
 + Level 3.1 Fighting
 + Level 3.3 Dodging
 + Level 0.1 Stealth
 + Level 4.5 Unarmed Combat


You had 4 spell levels left.
You didn't know any spells.
Your spell library was empty.

Dungeon Overview and Level Annotations

Branches:
Dungeon (3/15)

Altars:
Elyvilon


Innate Abilities, Weirdness & Mutations

You are too large for most types of armour.
You have claws for hands.
Your natural rate of healing is unusually fast.
You are covered in fur. (AC +1)
You have tough skin. (AC +1)


Message History

a +0 flail; a +0 leather armour; an orc corpse An orc comes into view.
It is wielding a +1 hand axe of venom.
The orc shouts!
The orc barely misses you.
The orc hits you with a +1 hand axe of venom.
You are poisoned.
You barely miss the orc.
You feel very sick.
The orc hits you with a +1 hand axe of venom.
You are more poisoned.
You hit the orc but do no damage.
You feel very sick.
The orc hits you with a +1 hand axe of venom.
You are more poisoned.
You barely miss the orc.
You feel very sick.
The orc hits you with a +1 hand axe of venom.
You are more poisoned.
You hit the orc.
The orc is lightly wounded.
You feel very sick.
The orc hits you with a +1 hand axe of venom.
You are more poisoned.
You barely miss the orc.
The orc is lightly wounded.
You feel extremely sick.
The orc hits you with a +1 hand axe of venom!
* * * LOW HITPOINT WARNING * * *
You hit the orc.
The orc is heavily wounded.
* * * LOW HITPOINT WARNING * * *
You feel very sick. The orc hits you but does no damage.
You are lethally poisoned!
You barely miss the orc.
The orc is heavily wounded.
* * * LOW HITPOINT WARNING * * *
You feel extremely sick.
The orc hits you with a +1 hand axe of venom!
You die...

#### ### ... .. #.#
###.#########
#.#####.........@.#
...........######o#
..##.....#........#
..# #)).######.#
#.#######)## #.#
#.........# #.#
#.#######.# #.# #.#
#.# #.# #^# #.# #.#


You could see an orc.

Vanquished Creatures
  Natasha (thrice) (D:2)
  An orc wizard (D:3)
  8 orcs (D:3)
  4 ball pythons
  A bat (D:3)
  5 endoplasms
  2 giant cockroaches
  6 goblins
  7 hobgoblins
  4 jackals (D:1)
  2 kobolds
  4 quokkas
  3 frilled lizards
  4 rats
54 creatures vanquished.

Notes
Turn   | Place    | Note
-------+----------+-------------------------------------------
     0 | D:1      | safebet222 the Troll Berserker began the quest for the Orb.
     0 | D:1      | Reached XP level 1. HP: 22/22 MP: 0/0
    98 | D:1      | Reached XP level 2. HP: 29/29 MP: 1/1
   408 | D:1      | Found a faded altar of an unknown god.
   732 | D:2      | Reached XP level 3. HP: 36/36 MP: 2/2
   971 | D:2      | Noticed Natasha
   975 | D:2      | Killed Natasha
  1012 | D:2      | Reached ** piety under Trog
  1194 | D:2      | Noticed Natasha
  1202 | D:2      | Killed Natasha
  1203 | D:2      | Reached skill level 4 in Unarmed Combat
  1203 | D:2      | Reached XP level 4. HP: 38/44 MP: 3/3
  1218 | D:2      | Noticed Natasha
  1222 | D:2      | Killed Natasha
  1562 | D:3      | Reached XP level 5. HP: 42/53 MP: 4/4
  1585 | D:3      | Found a white marble altar of Elyvilon.
  2275 | D:3      | Slain by an orc

Illustrated notes

Levels and vault maps discovered:
D:1:      shiori_arrival_maze, layout_rooms, hellmonk_ecumenical_altar_lost_god
D:2:      layout_loops_corners, minmay_hexomino_u4, uniq_natasha
D:3:      layout_loops_ring, grunt_temple_overflow_magic_moments,
          elyvilon_altar_3

Skill      XL: |  1  2  3  4 |
---------------+-------------+-----
Dodging        | 3 |  3.3
Unarmed Combat | 4 |  4.5
Fighting       | 3 |  3.1
Stealth        | |  0.1

Action                   |  1- 3 |  4- 6 || total
-------------------------+-------+-------++-------
Melee: Unarmed           |    86 |    50 ||   136
       Punch             |     1 |     2 ||     3
       Short sword       |       |    20 ||    20
Armor: Animal skin       |    44 |    13 ||    57
Dodge: Dodged            |    55 |    19 ||    74
